Unix NetHack Version 5.0.0-0 post-release - last build May 30 2026 05:04:26 (55804bc15828dd6e32e9076e0726aa6fccb6e981,branch:main).

Game began 2026-05-31 04:31:15, ended 2026-05-31 04:39:14.

7spoons, lawful female human Valkyrie

              -------
               ..|..-
               .....
              -.....
              ......
              .....
               ....-
               ....|     -
               ....|     .
               ....|   -.-
            --  ...----..
         ----. -........-
          ....  .[.....-
            ..--.......|
         --.-.--......-
         |.....G......|
         |....@[.<....-
         ---...--......|
           --.--|......|
            --- ---.----
                   --
7spoons the Stripling       St:18/01 Dx:10 Co:18 In:10 Wi:8 Ch:10  Lawful
Dlvl:3  $:17 HP:0(16) Pw:2(2) AC:5  Xp:1 T:833 

Latest messages:
 The kitten bites the goblin.
 The goblin is killed!
 There is a branch staircase down to the Gnomish Mines here.
 You see here an orcish dagger.
 q - an orcish dagger.
 You see here an orcish helm.
 The kitten picks up an orcish helm.
 The kitten drops an orcish helm.
 You swap places with your kitten.
 You see here an orcish helm.
 r - an orcish helm.
 What do you want to take off? [ci or ?*]
 You finish taking off your helm.
 What do you want to wear? [ir or ?*]
 You finish your dressing maneuver.
 You descend the stairs.
 You miss the gnome.
 You miss the gnome.
 You miss the gnome.
 You see here a scale mail.
 The kitten bites the gnome.
 The gnome is killed!
 You miss the gnome.
 The kitten misses the dwarf.
 You hit the gnome.
 The kitten bites the dwarf.
 The dwarf wields a dwarvish mattock!
 The dwarvish mattock welds itself to the dwarf's hands!
 The kitten misses it.
 The kitten misses it.
 You miss the gnome.
 The kitten misses it.
 The gnome lord hits!
 You miss the gnome.
 The kitten misses it.
 The gnome hits!
 The gnome lord hits!
 You hear rumbling in the distance.
 You kill the gnome!
 The kitten misses it.
 The kitten misses it.
 You hear some noises in the distance.
 Your kitten eats a dwarf corpse.
 The gnome lord hits!
 You die...
 Do you want your possessions identified? [ynq] (y)
 Do you want to see your attributes? [ynq] (y)
 Do you want an account of creatures vanquished? [ynaq] (y)
 Do you want to see your conduct and achievements? [ynq] (y)
 Do you want to see the dungeon overview? [ynq] (y)

Inventory:
 Coins    ('$')
  $ - 17 gold pieces
 Weapons  (')')
  n - 9 +2 darts
  q - a +0 orcish dagger
  h - a cursed -4 orcish dagger (weapon in left hand)
  a - a blessed +1 spear (alternate weapon; not wielded)
 Armor    ('[')
  i - an uncursed +0 orcish helm
  r - an uncursed +0 orcish helm (being worn)
  c - an uncursed +3 small shield (being worn)
 Comestibles  ('%')
  d - 2 uncursed food rations
  m - an uncursed lembas wafer
  o - a cursed pancake
 Scrolls  ('?')
  e - an uncursed scroll of fire
 Potions  ('!')
  g - an uncursed potion of fruit juice
  k - 2 uncursed potions of healing
 Tools    ('(')
  j - an uncursed tin opener
 Gems/Stones  ('*')
  p - a cursed worthless piece of violet glass

7spoons the Valkyrie's attributes:

Background:
 You were a Stripling, a level 1 human Valkyrie.
 You were lawful, on a mission for Tyr
 who was opposed by Odin (neutral) and Loki (chaotic).
 You were left-handed.
 You were in the Gnomish Mines, on level 3.
 You entered the dungeon 833 turns ago.
 It was nighttime.
 There was a full moon in effect when your adventure ended.
 You had 18 experience points, 2 more were needed to attain level 2.

Basics:
 You had 0 out of 16 hit points.
 You had both energy points (spell power).
 Your armor class was 5.
 Your wallet contained 17 zorkmids.
 Autopickup was off.

Final Characteristics:
 Your strength was 18/01 (limit:18/100).
 Your dexterity was 10 (limit:18).
 Your constitution was 18 (limit:18).
 Your intelligence was 10 (limit:18).
 Your wisdom was 8 (limit:18).
 Your charisma was 10 (limit:18).

Final Status:
 You weren't hungry.
 You were unencumbered.
 You were wielding a dagger.
 You had basic skill with dagger.

Final Attributes:
 You were fervently aligned.
 You were cold resistant.
 You were lucky.
 You are dead.

Miscellaneous:
 You didn't encounter any bones levels.
 Total elapsed playing time was 7 minutes and 58 seconds.

Major events:
 Turn
    1: 7spoons the lawful human Valkyrie entered the dungeon
  653: entered the Gnomish Mines
  833: killed by a gnome lord

You didn't know any spells.

Skills:
 Fighting Skills
   bare handed combat [Unskilled]
   two weapon combat  [Unskilled]
   riding             [Unskilled]
 Weapon Skills
   dagger             [Basic]
   axe                [Unskilled]
   pick-axe           [Unskilled]
   short sword        [Unskilled]
   broadsword         [Unskilled]
   long sword         [Unskilled]
   two-handed sword   [Unskilled]
   saber              [Unskilled]
   hammer             [Unskilled]
   quarterstaff       [Unskilled]
   polearms           [Unskilled]
   spear              [Basic]
   trident            [Unskilled]
   lance              [Unskilled]
   sling              [Unskilled]
 Spellcasting Skills
   attack spells      [Unskilled]
   escape spells      [Unskilled]

Voluntary challenges:
 Character rerolling was not enabled.
 You followed a strict vegan diet.
 You were an atheist.
 You were illiterate.
 You never genocided any monsters.
 You never polymorphed an object.
 You never changed form.
 You used no wishes.
Achievement:
 You entered the Gnomish Mines.

 The Dungeons of Doom: levels 1 to 3
    Level 1:
       A grave.
    Level 2:
       A grave.
       Stairs down to The Gnomish Mines.
    Level 3:
 The Gnomish Mines:
    Level 3: <- You were here.
       Final resting place for
          you, killed by a gnome lord.


Vanquished creatures:
  a dwarf
  2 gnomes
  3 jackals
  2 goblins
  2 grid bugs
  3 lichens
  3 kobold zombies
  3 newts
19 creatures vanquished.

No species were genocided or became extinct.

Game over:
                       ----------
                      /          \
                     /    REST    \
                    /      IN      \
                   /     PEACE      \
                  /                  \
                  |     7spoons      |
                  |      17 Au       |
                  |   killed by a    |
                  |    gnome lord    |
                  |                  |
                  |                  |
                  |       2026       |
                 *|     *  *  *      | *
        _________)/\\_//(\/(/\)/\//\/|_)_______

Farvel 7spoons the Valkyrie...

You died in The Gnomish Mines on dungeon level 3 with 188 points,
and 17 pieces of gold, after 833 moves.
You were level 1 with a maximum of 16 hit points when you died.

